 Dungeon Crawl Stone Soup version 0.19.5 (webtiles) character file.

63 JeffiDaFish the Firebug (level 3, -1/23 HPs)
             Began as a Draconian Fire Elementalist on Apr 25, 2017.
             Slain by a hobgoblin
             ... wielding a +0 club
             ... led by Robin
              (4 damage)
             ... on level 2 of the Dungeon.
             The game lasted 00:07:18 (2206 turns).

JeffiDaFish the Firebug (DrFE)                      Turns: 2206, Time: 00:07:19

Health: -1/23      AC:  6    Str: 10    XL:     3   Next: 87%
Magic:  2/6        EV: 12    Int: 17    God:
Gold:   79         SH:  0    Dex: 12    Spells: 2 memorised, 4 levels left

rFire  . . .     SeeInvis .       - Unarmed
rCold  . . .     Gourm    .     (armour unavailable)
rNeg   . . .     Faith    .     (no shield)
rPois  .         Spirit   .     (helmet restricted)
rElec  .         Reflect  .     c - +0 cloak
rCorr  .         Harm     .     (no gloves)
MR     .....                    (no boots)
Stlth  ++........               (no amulet)
                                (no ring)
                                (no ring)

@: lethally poisoned (-1 -> -10), very slightly contaminated
A: unfitting armour, clever 1, frail 1, slow regeneration 1, cold-blooded, AC +5
a: no special abilities


You were on level 2 of the Dungeon.
You were hungry.

You visited 1 branch of the dungeon, and saw 2 of its levels.

You collected 79 gold pieces.

Inventory:

Armour
 c - a +0 cloak (worn)
Scrolls
 e - 3 scrolls of identify
Potions
 d - 2 potions of might
Books
 a - a book of Flames

   Spells                             Type                      Level
   a - Flame Tongue                   Conjuration/Fire             1
   b - Throw Flame                    Conjuration/Fire             2
   c - Conjure Flame                  Conjuration/Fire             3
   d - Inner Flame                    Hexes/Fire                   3
   e - Sticky Flame                   Conjuration/Fire             4
   f - Fireball                       Conjuration/Fire             5
Comestibles
 b - a bread ration
 f - 3 chunks of flesh
 g - a meat ration


   Skills:
 + Level 0.2 Fighting
 + Level 2.1 Dodging
 + Level 1.8 Stealth
 + Level 1.1 Unarmed Combat
 + Level 2.5 Spellcasting
 + Level 1.4 Conjurations
 + Level 3.7 Fire Magic


You had 4 spell levels left.
You knew the following spells:

 Your Spells              Type           Power        Failure   Level  Hunger
a - Flame Tongue          Conj/Fire      ##...        10%         1    #......
b - Throw Flame           Conj/Fire      ##....       12%         2    ##.....


Dungeon Overview and Level Annotations

Branches:
Dungeon (2/15)

Altars:

Annotations:
D:2 Robin


Innate Abilities, Weirdness & Mutations

Your plain brown scales are hard. (AC +5)
You cannot fit into any form of body armour.
You are cold-blooded and may be slowed by cold attacks.
Your mind is acute. (Int +2)
You are frail. (-10% HP)
You regenerate slowly when monsters are visible.


Message History

There is a stone staircase leading up here.
You see here a dagger.
The rat misses you.
You closely miss the rat. The rat closely misses you.
You closely miss the rat. The hobgoblin hits you with a club!
The rat misses you.
You hit the rat.
The rat is heavily wounded.
The hobgoblin hits you with a club. The rat bites you.
You closely miss the rat.
The rat is heavily wounded.
The rat barely misses you. The hobgoblin hits you with a club.
* * * LOW HITPOINT WARNING * * *
The rat bites you.
* * * LOW HITPOINT WARNING * * *
There is a stone staircase leading up here.
The rat closely misses you. Robin hits you but does no damage.
You are lethally poisoned!
The hobgoblin hits you with a club.
You die...

#. #.# .. #. #. #.#
#.# #.###. #.# ..#
##.....## #.##.#
........## #....#
.........###..g.#
.......<...)<##....g#
.......r.g####
#.....# .......@g##
.###.. ..........# .#
# ........$.... #
..........####
##........#
##########


You could see Robin, a hobgoblin, a goblin (wandering) and a rat.

Vanquished Creatures
  An ooze (D:1)
  A worm (D:2)
  A ball python (D:1)
  6 bats (D:1)
  5 giant cockroaches
  10 goblins
  7 hobgoblins (D:1)
  4 jackals (D:1)
  6 kobolds (D:1)
  2 frilled lizards
  5 rats
  A bush (D:1)
49 creatures vanquished.

Notes
Turn   | Place    | Note
-------+----------+-------------------------------------------
     0 | D:1      | JeffiDaFish the Draconian Fire Elementalist began the quest for the Orb.
     0 | D:1      | Reached XP level 1. HP: 14/14 MP: 3/3
    43 | D:1      | Gained mutation: Your mind is acute. (Int +2) [potion of mutation]
    43 | D:1      | Gained mutation: You are frail. (-10% HP) [potion of mutation]
    43 | D:1      | Gained mutation: You regenerate slowly when monsters are visible. [potion of mutation]
   576 | D:1      | Reached XP level 2. HP: 17/18 MP: 1/5
   985 | D:1      | Learned a level 2 spell: Throw Flame
  1190 | D:1      | Reached XP level 3. HP: 23/23 MP: 0/6
  1821 | D:1      | Reached skill level 1 in Unarmed Combat
  2195 | D:2      | Noticed Robin
  2206 | D:2      | Slain by a hobgoblin

Skill      XL: |  1  2  3 |
---------------+----------+-----
Dodging        | 2 |  2.1
Unarmed Combat | 1 |  1.1
Fighting       | |  0.2
Stealth        | |  1.8
Spellcasting   | |  2.5
Conjurations   | |  1.4
Fire Magic     | |  3.7

Action                   || total
-------------------------++-------
Melee: Unarmed           ||   367
       Tailslap          ||    63
 Cast: Flame Tongue      ||    65
       Throw Flame       ||     1
  Use: Potion            ||     3
       Scroll            ||     1
 Stab: Sleeping          ||     1
  Eat: Chunk             ||     5
Armor: Skin              ||    69
Dodge: Dodged            ||   119
